 Dungeon Crawl Stone Soup version 0.30-a0-1160-g6e42c06551 (webtiles) character file.

Game seed: 12219497797627278421

43243 Morbidden the Zephyrmancer (level 14, 0/106 HPs)
             Began as a Barachi Air Elementalist on Apr 27, 2023.
             Was the Champion of Cheibriados.
             Shot with a bolt by a yaktaur captain (30 damage)
             ... on level 12 of the Dungeon.
             The game lasted 00:34:39 (21541 turns).

Morbidden the Zephyrmancer (BaAE)                  Turns: 21541, Time: 00:34:39

Health: 0/106      AC: 18    Str: 25    XL:     14   Next: 23%
Magic:  18/39      EV: 18    Int: 35    God:    Cheibriados [******]
Gold:   1383       SH:  0    Dex: 28    Spells: 24/37 levels left

rFire   . . .        b - +12 pair of quick blades "Gyre" and "Gimble" {protect}
rCold   . . .        (shield currently unavailable)
rNeg    . . .        M - +3 swamp dragon scales
rPois   +            p - +0 helmet
rElec   .            C - +2 cloak
rCorr   .            (no gloves)
SInv    .            z - +0 pair of boots
Will    +....        q - amulet of magic regeneration
Stlth   ++           X - ring of wizardry
HPRegen 0.37/turn    N - ring of magical power
MPRegen 0.66/turn

%: wizardry (x1)
@: very slow
A: amphibious, slowness 1, strong legs 2, +LOS
a: Hop, Renounce Religion, Bend Time, Temporal Distortion, Slouch, Step From
Time


You were on level 12 of the Dungeon.
You worshipped Cheibriados.
Cheibriados was exalted by your worship.
You visited 3 branches of the dungeon, and saw 18 of its levels.
You also visited: Sewer.

You collected 1383 gold pieces.

Inventory:

Hand Weapons
 a - a +2 dagger of venom
 b - the +12 pair of quick blades "Gyre" and "Gimble" (weapon) {protect}
   (You found it on level 11 of the Dungeon)
 D - a +2 hand axe of flaming
 L - a +0 broad axe of freezing
Missiles
 e - 2 javelins
 A - 11 curare-tipped darts
 E - 64 poisoned darts (quivered)
 R - a throwing net
Armour
 p - a +0 helmet (worn)
 z - a +0 pair of boots (worn)
 C - a +2 cloak (worn)
 J - a +0 leather armour of fire resistance
 M - +3 swamp dragon scales (worn)
 S - the +4 kite shield "Zuisaote" {rC++ Will+ Stlth+}
   (You acquired it on level 3 of the Lair of Beasts)

   rC:        It greatly protects you from cold.
   Will:      It increases your willpower.
   Stlth:     It makes you more stealthy.
Jewellery
 i - a ring of protection from cold
 q - an amulet of magic regeneration (around neck)
 B - a ring of protection from cold
 I - the ring of Weysita {Fire rElec}
   (You found it on level 5 of the Lair of Beasts)

   [ring of fire]

   It enhances your fire magic.
   rF:        It protects you from fire.
   rC:        It makes you vulnerable to cold.
   rElec:     It insulates you from electricity.
 N - a ring of magical power (right hand)
 X - a ring of wizardry (left hand)
 Z - a ring of flight
Wands
 w - a wand of flame (27)
 y - a wand of digging (6)
 K - a wand of iceblast (19)
 O - a wand of mindburst (16)
 P - a wand of polymorph (14)
 Q - a wand of paralysis (6)
 V - a wand of acid (4)
Scrolls
 c - 5 scrolls of enchant weapon
 f - 8 scrolls of identify
 g - 6 scrolls of silence
 k - 3 scrolls of poison
 l - a scroll of immolation
 o - 2 scrolls of summoning
 r - 2 scrolls of blinking
 v - 2 scrolls of teleportation
 x - 6 scrolls of enchant armour
 F - 3 scrolls of amnesia
 G - 3 scrolls of noise
 U - 3 scrolls of fear
 Y - 2 scrolls of magic mapping
Potions
 d - 5 potions of curing
 h - 3 potions of flight
 j - 2 potions of heal wounds
 m - 5 potions of magic
 n - 6 potions of haste
 s - 4 potions of mutation
 t - 3 potions of ambrosia
 u - 4 potions of brilliance
 H - a potion of berserk rage
 T - 5 potions of might
Miscellaneous
 W - a box of beasts (inert)


   Skills:
 * Level 8.3 Fighting
 * Level 3.0(5.4) Short Blades
 * Level 7.6(8.0) Long Blades
 + Level 5.1 Axes
 + Level 0.1(2.8) Polearms
 + Level 1.2 Throwing
 * Level 7.4 Armour
 * Level 7.8 Dodging
 + Level 2.3 Stealth
 + Level 2.9 Shields
 * Level 12.1 Spellcasting
 * Level 7.7 Conjurations
 * Level 3.4 Fire Magic
 * Level 12.2 Air Magic
 * Level 5.3 Invocations
 * Level 6.3 Evocations


You had 24 spell levels left.
You knew the following spells:

 Your Spells              Type           Power      Damage    Failure   Level
a - Airstrike             Air            41%        2d(6-22)  1%          4
b - Plasma Beam           Fire/Air       33%        2x1d50    8%          6
c - Shock                 Conj/Air       100%       1d9       1%          1
d - Static Discharge      Conj/Air       100%       2-7/arc   1%          2

Your spell library contained the following spells:

 Spells                   Type           Power      Damage    Failure   Level
 Foxfire                  Conj/Fire      100%       2x1d9     1%          1
 Ensorcelled Hibernation  Hex/Ice        42%        N/A       1%          2
 Lesser Beckoning         Tloc           42%        N/A       1%          2
 Passwall                 Tmut/Erth      17%        N/A       1%          2
 Sublimation of Blood     Necr           21%        N/A       1%          2
 Wereblood                Tmut           21%        N/A       1%          2
 Swiftness                Air            82%        N/A       1%          3
 Gell's Gravitas          Tloc           21%        N/A       3%          3
 Spider Form              Tmut/Pois      21%        N/A       3%          3
 Teleport Other           Tloc           21%        N/A       3%          3
 Tukima's Dance           Hex            21%        N/A       3%          3
 Fireball                 Conj/Fire      28%        3d12      3%          5
 Anguish                  Hex/Necr       10%        N/A       12%         4
 Cause Fear               Hex            10%        N/A       12%         4
 Leda's Liquefaction      Hex/Erth       10%        N/A       12%         4
 Passage of Golubria      Tloc           21%        N/A       12%         4
 Starburst                Conj/Fire      28%        6d9       17%         6
 Lee's Rapid Deconstruct  Erth           10%        3d8*      32%         5
 Yara's Violent Unravell  Hex/Tmut       10%        3d6       32%         5
 Statue Form              Tmut/Erth      14%        N/A       85%         6
 Enfeeble                 Hex            10%        N/A       100%        7
 Summon Hydra             Summ           10%        N/A       100%        7


Dungeon Overview and Level Annotations

Branches:
Dungeon (12/15)            Temple (1/1) D:5            Lair (5/5) D:8
  Swamp (0/4) Lair:2        Snake (0/4) Lair:3        Slime (0/5) Lair:4
    Orc (0/2) D:12          Sewer (visited)

Altars:
Ashenzari
Cheibriados
Dithmenos
Elyvilon
Fedhas
Gozag
Hepliaklqana
Kikubaaqudgha
Makhleb
Nemelex Xobeh
Okawaru
Qazlal
Ru
Sif Muna
Trog
Uskayaw
Vehumet
Wu Jian
Xom
Yredelemnul
Zin
The Shining One
Jiyva
Lugonu

Shops:
D:4 (

Portals:
Trove: D:12 (give +3 gold dragon scales)

Annotations:
D:5 1 runed translucent door, topfpfpflanze's ghost, amateur FeCj
D:8 2 runed translucent doors, Jano's ghost, novice OpFE
Lair:4 2 transporters, Zigma's ghost, journeyman DrMo
Lair:5 1 runed translucent door


Innate Abilities, Weirdness & Mutations

You are amphibious.
You cover ground slowly.
You can hop long distances.
You have an extended range of vision and can be seen from far away.


Message History

Unknown command.
Unknown command.
You start resting.
Your mature fireshock beast disappears in a puff of smoke!
A yaktaur captain comes into view. It is wielding a +0 whip.
A yaktaur captain is nearby!
A yaktaur captain is nearby!
A yaktaur captain is nearby!
Unknown command.
Casting: Airstrike (safe; 1% risk of failure)
Confirm with . or Enter, or press ? or * to list all spells.
Aiming: Airstrike (safe; 1% risk of failure)
Press: ? - help, Dir - move target, f - yaktaur captain
Aim: a yaktaur captain, wielding a +0 whip (wandering, hasn't noticed you, empty space bonus: 5/8)
The air twists around and strikes the yaktaur captain!
The yaktaur captain shouts!
The yaktaur captain is moderately wounded.
The yaktaur captain unwields a +0 whip.
The yaktaur captain wields a +0 arbalest.
The yaktaur captain shoots a bolt.
The bolt hits you!
* * * LOW HITPOINT WARNING * * *
Casting: Airstrike (safe; 1% risk of failure)
Confirm with . or Enter, or press ? or * to list all spells.
Aiming: Airstrike (safe; 1% risk of failure)
Press: ? - help, Dir - move target, f/p - yaktaur captain
Aim: a yaktaur captain, wielding a +0 arbalest (lightly wounded, empty space bonus: 5/8)
The air twists around and strikes the yaktaur captain!!
The yaktaur captain is heavily wounded.
Unknown command.
Unknown command.
Unknown command.
Casting: Airstrike (safe; 1% risk of failure)
Confirm with . or Enter, or press ? or * to list all spells.
Aiming: Airstrike (safe; 1% risk of failure)
Press: ? - help, Dir - move target, f/p - yaktaur captain
Aim: a yaktaur captain, wielding a +0 arbalest (heavily wounded, empty space bonus: 5/8)
The air twists around and strikes the yaktaur captain.
The yaktaur captain is heavily wounded.
The yaktaur captain shoots a bolt.
The bolt hits you!!
You die...

).............####.#....#...[)...
#)##+########......#....#....[..#
.)) #...#......#....#.......# .
.' #...########....#........ .#.
#.........##....'........ #..
#.........##....#........
#.........##....#........
######'#####'####..##....
#####..@†......c..##....
#...#..##...(##.).......
#...'..##)[†.##......D..
#^..#..##.......######..
#...#..##.......# #..
#...#...........# #.#
#...#.....####### ...#
###...'.....# #+### #.....#.....#


You could see a yaktaur captain.

Vanquished Creatures
  The ghost of laial the Gelid, a journeyman DgIE (Lair:5)
  The ghost of nubinia the Geomancer, a journeyman GrEE of Sif Muna (Lair:3)
  Harold (D:10)
  3 hydras
  A boulder beetle (Lair:5)
  A catoblepas (Lair:4)
  7 two-headed ogres
  6 death yaks
  Sonja (D:11)
  Lodul (D:11)
  2 lindwurms (Lair:5)
  A deep elf pyromancer (D:12)
  An oklob plant (Lair:4)
  2 ugly things (D:12)
  A cyclops (D:12)
  A black mamba (shapeshifter) (D:12)
  6 torpor snails
  3 black mambas
  3 gargoyles
  7 cane toads
  Maggie (D:9)
  5 rime drakes
  2 komodo dragons
  3 tyrant leeches (Lair:5)
  4 blink frogs (Lair:3)
  9 hornets
  A spriggan (D:11)
  2 wraiths
  6 wyverns
  26 yaks
  Grum (D:11)
  3 basilisks
  3 steam dragons
  2 death yak simulacra (Lair:5)
  2 vampire mosquitoes (D:10)
  Menkaure (D:4)
  2 nagas (Lair:3)
  3 swamp worms (Lair:2)
  A hydra simulacrum (Lair:5)
  An acid dragon (D:12)
  11 water moccasins
  A floating eye (shapeshifter) (D:12)
  5 orc warriors
  A sky beast (D:7)
  A black bear (D:6)
  A black mamba simulacrum (Lair:5)
  7 ogres
  2 ice beasts
  8 wolves
  9 centaurs
  A phantom (D:6)
  7 kobold brigands
  10 bullfrogs
  3 scorpions
  19 killer bees
  3 howler monkeys
  A komodo dragon simulacrum (Lair:5)
  A hound (D:5)
  A jelly (D:5)
  6 orc priests
  2 iguanas
  2 sleepcaps (D:5)
  Terence (D:3)
  4 hell rats
  6 orc wizards
  7 adders
  11 river rats
  A shadow imp (D:7)
  A white imp (D:5)
  A worm (D:5)
  2 dart slugs
  46 orcs
  13 endoplasms
  3 giant cockroaches
  8 goblins
  8 hobgoblins
  2 jackals (Sewer)
  34 kobolds
  3 quokkas
  4 ball pythons
  5 bats
  4 frilled lizards
  9 rats
403 creatures vanquished.

Vanquished Creatures (collateral kills)
  A storm dragon (D:12)
1 creature vanquished.

Vanquished Creatures (others)
  20 fungi
  45 plants
65 creatures vanquished.

Grand Total: 469 creatures vanquished

Notes
Turn   | Place    | Note
-------+----------+-------------------------------------------
     0 | D:1      | Morbidden the Barachi Air Elementalist began the quest for
                  | the Orb.
     0 | D:1      | Reached XP level 1. HP: 13/13 MP: 3/3
   347 | D:1      | Reached XP level 2. HP: 20/20 MP: 3/5
   429 | D:1      | Reached skill level 1 in Fighting
   432 | D:1      | Learned a level 2 spell: Static Discharge
   910 | D:2      | Reached XP level 3. HP: 24/26 MP: 0/6
  1562 | D:2      | Reached skill level 1 in Armour
  1638 | D:2      | Reached XP level 4. HP: 32/32 MP: 4/7
  1862 | D:3      | Found a bloodstained altar of Trog.
  1875 | D:3      | Noticed Terence
  1889 | D:3      | Killed Terence
  1976 | D:3      | Found a faded altar of an unknown god.
  1982 | D:3      | Reached XP level 5. HP: 37/37 MP: 5/9
  2106 | D:3      | Found a broken altar of Ashenzari.
  2113 | D:3      | Found a sacrificial altar of Ru.
  2165 | D:3      | Found a stormy altar of Qazlal.
  2241 | D:4      | Found a hide-covered altar of Uskayaw.
  2264 | D:4      | Noticed Menkaure
  2270 | D:4      | Killed Menkaure
  2271 | D:4      | Reached skill level 1 in Long Blades
  2271 | D:4      | Reached XP level 6. HP: 24/44 MP: 7/11
  2543 | D:4      | Found an ancient bone altar of Kikubaaqudgha.
  2815 | D:4      | Learned a level 4 spell: Airstrike
  2893 | D:4      | Found Badefyak's Antique Weapon Emporium.
  3069 | D:5      | Entered Level 5 of the Dungeon
  3083 | D:5      | Found an opulent altar of Gozag.
  3115 | D:5      | Reached XP level 7. HP: 50/50 MP: 8/12
  3147 | D:5      | Found a glowing drain.
  3174 | Sewer    | Entered a sewer
  3496 | D:5      | Found a staircase to the Ecumenical Temple.
  3553 | Temple   | Entered the Ecumenical Temple
  3567 | Temple   | Became a worshipper of Cheibriados the Contemplative
  3609 | D:5      | Reached skill level 5 in Air Magic
  3648 | D:5      | Found a runed translucent door.
  3657 | D:5      | Noticed topfpfpflanze's ghost (amateur FeCj)
  4047 | D:6      | Reached skill level 1 in Evocations
  4047 | D:6      | Reached XP level 8. HP: 51/57 MP: 10/14
  4372 | D:6      | Reached * piety under Cheibriados
  4494 | D:6      | Reached skill level 5 in Spellcasting
  4688 | D:6      | Found a blossoming altar of Fedhas.
  4834 | D:6      | Found a shadowy altar of Dithmenos.
  4848 | D:6      | Reached skill level 1 in Invocations
  5417 | D:7      | Reached XP level 9. HP: 64/64 MP: 9/17
  5733 | D:7      | Reached skill level 5 in Conjurations
  6339 | D:8      | Reached ** piety under Cheibriados
  6515 | D:8      | Found a large runed translucent door.
  6523 | D:8      | Found a large runed translucent door.
  6525 | D:8      | Noticed Jano's ghost (novice OpFE)
  6560 | D:8      | Noticed a death yak
  6560 | D:8      | Noticed a death yak
  6565 | D:8      | Noticed a death yak
  6933 | D:8      | Found a staircase to the Lair.
  6992 | D:8      | Reached XP level 10. HP: 35/73 MP: 20/20
  7251 | D:9      | Reached skill level 1 in Throwing
  7286 | D:9      | Found a shimmering blue altar of Sif Muna.
  7324 | D:9      | Reached skill level 5 in Dodging
  7334 | D:9      | Noticed Maggie
  7520 | D:9      | Killed Maggie
  8001 | D:9      | Reached *** piety under Cheibriados
  8227 | D:9      | Reached skill level 5 in Fighting
  8341 | D:9      | Noticed a two-headed ogre
  8345 | D:9      | Killed a two-headed ogre
  8346 | D:9      | Reached skill level 1 in Axes
  8384 | D:9      | Reached skill level 1 in Short Blades
  8663 | D:9      | Reached skill level 5 in Long Blades
  8686 | D:9      | Reached **** piety under Cheibriados
  8884 | D:9      | Found a radiant altar of Vehumet.
  8920 | D:10     | Entered Level 10 of the Dungeon
  9040 | D:10     | Found a glowing golden altar of the Shining One.
  9198 | D:10     | Reached XP level 11. HP: 80/80 MP: 12/23
  9268 | D:10     | Noticed Harold
  9275 | D:10     | Killed Harold
  9763 | D:10     | Noticed a two-headed ogre
  9767 | D:10     | Killed a two-headed ogre
  9768 | D:10     | Reached skill level 5 in Armour
  9800 | D:10     | Found a basalt altar of Yredelemnul.
 10099 | Lair:1   | Entered Level 1 of the Lair of Beasts
 12416 | Lair:2   | Reached ***** piety under Cheibriados
 12595 | Lair:2   | Reached XP level 12. HP: 82/89 MP: 6/25
 12868 | Lair:2   | Reached skill level 10 in Air Magic
 13106 | Lair:2   | Reached skill level 10 in Spellcasting
 13327 | Lair:2   | Noticed a five-headed hydra
 13554 | Lair:2   | Noticed a four-headed hydra
 13564 | Lair:2   | Killed a one-headed hydra
 13565 | Lair:2   | Reached skill level 5 in Evocations
 13919 | Lair:2   | Killed a five-headed hydra
 13973 | Lair:2   | Found a staircase to the Swamp.
 14523 | Lair:3   | Found a large runed translucent door.
 14524 | Lair:3   | Identified a scroll of acquirement
 14524 | Lair:3   | Acquired the +4 kite shield "Zuisaote" {rC++ Will+ Stlth+}
 14547 | Lair:3   | Found a large runed translucent door.
 14610 | Lair:3   | Found a staircase to the Snake Pit.
 14686 | Lair:3   | Found a radiant altar of Vehumet.
 14686 | Lair:3   | Identified the +0 ring mail of the Ecumenical Temple
                  | {Rampage}
 14781 | Lair:3   | Noticed nubinia's ghost (journeyman GrEE)
 15058 | Lair:3   | Killed nubinia's ghost
 15059 | Lair:3   | Reached skill level 1 in Shields
 15190 | Lair:3   | Learned a level 6 spell: Plasma Beam
 15227 | Lair:4   | Noticed a death yak
 15230 | Lair:4   | Noticed a death yak
 15232 | Lair:4   | Noticed a death yak
 15266 | Lair:4   | Found a transporter.
 15386 | Lair:4   | Noticed a catoblepas
 15404 | Lair:4   | Killed a catoblepas
 15718 | Lair:4   | Found a staircase to the Slime Pits.
 15718 | Lair:4   | Found a viscous altar of Jiyva.
 15772 | Lair:4   | Found a transporter.
 15783 | Lair:4   | Noticed Zigma's ghost (journeyman DrMo)
 15783 | Lair:4   | Noticed a six-headed hydra
 15786 | Lair:4   | Noticed a six-headed hydra
 15849 | Lair:4   | Killed a death yak
 16022 | Lair:4   | Noticed a death yak
 16527 | Lair:4   | Killed a death yak
 16528 | Lair:4   | Reached skill level 1 in Fire Magic
 16528 | Lair:4   | Gained mutation: You can hop long distances. [Barachi
                  | growth]
 16528 | Lair:4   | Reached XP level 13. HP: 89/96 MP: 26/27
 16889 | Lair:5   | Entered Level 5 of the Lair of Beasts
 16937 | Lair:5   | Found a runed translucent gate.
 16937 | Lair:5   | Found a runed translucent gate.
 16937 | Lair:5   | Found a runed translucent gate.
 17490 | Lair:5   | Found a runed translucent door.
 17490 | Lair:5   | Noticed a fire dragon
 18015 | Lair:5   | Noticed laial's ghost (journeyman DgIE)
 18398 | Lair:5   | Killed laial's ghost
 18542 | Lair:5   | Got the ring of Weysita {Fire rElec}
 19637 | D:11     | Noticed Lodul
 19910 | D:11     | Noticed Grum
 19911 | D:11     | Killed Lodul
 19911 | D:11     | Killed Grum
 19911 | D:11     | Reached ****** piety under Cheibriados
 19912 | D:11     | Reached skill level 5 in Axes
 20144 | D:11     | Noticed Sonja
 20156 | D:11     | Killed Sonja
 20157 | D:11     | Reached skill level 5 in Invocations
 20648 | D:11     | Found the +12 pair of quick blades "Gyre" and "Gimble"
                  | {protect}
 20752 | D:12     | Reached XP level 14. HP: 105/105 MP: 29/29
 20959 | D:12     | Found a staircase to the Orcish Mines.
 21325 | D:12     | Found a portal to a secret trove of treasure.
 21479 | D:12     | Noticed a storm dragon
 21503 | D:12     | Killed a storm dragon
 21541 | D:12     | Shot with a bolt by a yaktaur captain

Illustrated notes

Levels and vault maps discovered:
D:1:      sevenhm_arrival_forest_fort_small_3, layout_rooms
D:2:      layout_rooms, minmay_joined_circles
D:3:      layout_basic, mainiacjoe_overflow_alcove_1,
          nicolae_qazlal_eye_of_the_storm, amethyst_overflow_temple_binary,
          hellmonk_ecumenical_altar_pennies_from_heaven, uniq_terence
D:4:      layout_basic, nicolae_uskayaw_murder_on_the_dancefloor,
          kiku_gazebo_pond_becter, serial_shops, shop, uniq_menkaure
D:5:      layout_basic, grunt_gozag_statues, minmay_temple_entry_grid,
          hellmonk_ghost_happy_afterlife, portal_sewer_entry_a
D:6:      layout_loops_cross, grunt_dithmenos_shadows, fedhas_altar_4
D:7:      layout_cave_pods, roderic_nine_men_s_morris
D:8:      layout_layer_cave, dpeg_lair_monsters, ebering_ghost_disaster_area
D:9:      layout_roguey, mainiacjoe_overflow_six_doors_small,
          nicolae_overflow_crystal_walls, uniq_maggie
D:10:     layout_stronghold, lemuel_crystal_altar, tso_metal_star,
          kennysheep_boxes, uniq_harold
D:11:     layout_basic, hellmonk_guarded_unrand_gyre_and_gimble, uniq_sonja,
          uniq_lodul, uniq_grum
D:12:     layout_stronghold, hiddenorc2_lemuel, serial_glass, glass_columns_b,
          glass_columns_a, enter_trove_1, nicolae_rejected_hall
Temple:   corrupted_temple
Lair:1:   layout_roguey, serial_rivers, chequers_serial_rivers_large_b,
          chequers_serial_rivers_marsh, chequers_serial_rivers_large_a,
          chequers_serial_rivers_small_b, chequers_serial_rivers_micro_c,
          chequers_serial_rivers_micro_d
Lair:2:   layout_loops_ring, palyth_hydra_swamp_entry, st_stairs_10,
          kennysheep_rathole, serial_bayou_shore_b, grunt_megastairs_3
Lair:3:   layout_gridlike, minmay_snake_entry_guardpost_small, basic_altar,
          ebering_ghost_disaster_area
Lair:4:   layout_loops_ring, slime_entry_1, nzn_ghost_randoct,
          hangedman_lair_unloving_vines, st_stairs_5, serial_bayou_crossing
Lair:5:   wormcave, layout_layer_cave, gammafunk_ghost_icy

Skill      XL: |  1  2  3  4  5  6  7  8  9 10 11 12 13 14 |
---------------+-------------------------------------------+-----
Fighting       | 1 2 3 4 5 6 7 8 |  8.3
Air Magic      | 4 5 6 7 8 9 11 12 | 12.2
Armour         | 1 2 3 4 5 6 7 |  7.4
Conjurations   | 2 3 4 5 6 7 |  7.7
Spellcasting   | 3 4 5 7 8 9 10 11 12 | 12.1
Long Blades    | 1 2 3 4 5 6 7 |  7.6
Dodging        | 3 4 5 6 7 |  7.8
Stealth        | 2 |  2.3
Evocations     | 1 2 4 5 6 |  6.3
Invocations    | 1 2 3 4 5 |  5.3
Throwing       | 1 |  1.2
Axes           | 1 3 4 5 |  5.1
Short Blades   | 1 2 3 |  3.0
Shields        | 1 2 |  2.9
Fire Magic     | 1 2 3 |  3.4
Polearms       | |  0.1

Action                     |  1- 3 |  4- 6 |  7- 9 | 10-12 | 13-15 || total
---------------------------+-------+-------+-------+-------+-------++-------
  Melee: Trident           |    14 |       |       |       |       ||    14
         Long sword        |     2 |       |       |    20 |       ||    22
         Dagger            |       |    18 |    81 |   297 |    87 ||   483
         Punch             |       |       |     1 |     7 |       ||     8
         Hand axe          |       |       |       |     8 |       ||     8
         Pair of quick bla |       |       |       |       |    56 ||    56
  Throw: Dart              |       |       |    15 |    11 |    18 ||    44
         Javelin           |       |       |     3 |       |       ||     3
   Cast: Shock             |    64 |    79 |   123 |    13 |       ||   279
         Static Discharge  |       |     7 |    14 |    11 |       ||    32
         Airstrike         |       |       |    41 |   274 |   182 ||   497
         Plasma Beam       |       |       |       |       |    24 ||    24
 Invoke: Slouch            |       |       |       |       |     4 ||     4
Ability: Hop               |       |     2 |     4 |     5 |     8 ||    19
  Evoke: Wand              |       |     5 |     2 |       |     3 ||    10
         Box of beasts     |       |       |       |       |     1 ||     1
    Use: Scroll            |       |     3 |     2 |    15 |    11 ||    31
         Potion            |       |       |       |     4 |     3 ||     7
   Stab: Sleeping          |       |       |     1 |     2 |       ||     3
 Armour: Robe              |     3 |       |       |       |       ||     3
         Leather armour    |     3 |     9 |     6 |       |       ||    18
         Steam dragon scal |       |       |    21 |    15 |       ||    36
         Swamp dragon scal |       |       |       |   107 |    34 ||   141
  Dodge: Dodged            |     9 |    17 |   102 |   267 |    98 ||   493
  Block: Kite shield       |       |       |       |    40 |    71 ||   111

Table legend: (Time is in decaauts)
 A = Elapsed time spent in this place.
 B = Non-inter-level travel time spent in this place.
 C = Inter-level travel time spent in this place.
 D = Time resting spent in this place.
 E = Time spent auto-exploring this place.
 F = Levels seen in this place.
 G = Mean time per level.
                   A        B        C        D        E       F      G
               +--------+--------+--------+--------+--------+-----+--------+
         Total |  31742 |  30293 |   1449 |   3971 |  22725 |  19 | 1670.6 |
       Dungeon |  17649 |  16716 |    933 |   1715 |  12632 |  12 | 1470.8 |
        Temple |     37 |     18 |     19 |      0 |      4 |   1 |   37.0 |
          Lair |  13873 |  13376 |    497 |   2246 |   9949 |   5 | 2774.6 |
         Sewer |    182 |    182 |      0 |      9 |    138 |   1 |  182.0 |
               +--------+--------+--------+--------+--------+-----+--------+

Top non-repeatable levels by time:
  Lair:1: 3648 daAuts
     D:8: 3021 daAuts
  Lair:2: 2958 daAuts
  Lair:5: 2854 daAuts
  Lair:4: 2330 daAuts
    D:10: 2310 daAuts
     D:9: 2136 daAuts
  Lair:3: 2080 daAuts
     D:7: 1762 daAuts
    D:11: 1589 daAuts
     D:6: 1215 daAuts
    D:12: 1211 daAuts
     D:2: 1023 daAuts
     D:5: 986 daAuts
     D:1: 985 daAuts
